 Dungeon Crawl Stone Soup version 0.30-a0-691-g754fce4c43 (webtiles) character file.

Game seed: 16149862455725087284

110 Citaku the Covered (level 4, -1/40 HPs)
             Began as a Minotaur Fighter on Jan 19, 2023.
             Killed from afar by an orc wizard (8 damage)
             ... with a puff of flame
             ... on level 3 of the Dungeon.
             The game lasted 00:02:18 (1453 turns).

Citaku the Covered (Minotaur Fighter)               Turns: 1453, Time: 00:02:18

Health: -1/40      AC:  8    Str: 22    XL:     4   Next: 61%
Magic:  3/3        EV:  9    Int:  5    God:
Gold:   135        SH:  4    Dex: 10    Spells: 3/3 levels left

rFire   . . .      SeeInvis .    a - +0 war axe
rCold   . . .      Faith    .    c - +0 buckler
rNeg    . . .      Spirit   .    b - +0 scale mail
rPois   .          Reflect  .    (helmet restricted)
rElec   .          Harm     .    k - scarf {repulsion}
rCorr   .          Rampage  .    g - +0 pair of gloves
Will    .....                    (no boots) Stlth
                                 (no amulet)
HPRegen 0.26/turn                (no ring)
MPRegen 0.08/turn                (no ring)

@: repel missiles
A: horns 2, retaliatory headbutt
a: no special abilities


You were on level 3 of the Dungeon.
You visited 1 branch of the dungeon, and saw 3 of its levels.

You collected 135 gold pieces.

Inventory:

Hand Weapons
 a - a +0 war axe (weapon)
Armour
 b - a +0 scale mail (worn)
 c - a +0 buckler (worn)
 g - a +0 pair of gloves (worn)
 k - a scarf of repulsion (worn)
Scrolls
 e - 3 scrolls of enchant weapon {unknown}
 f - 2 scrolls of torment {unknown}
 h - 3 scrolls of blinking {unknown}
 i - 2 scrolls of noise {unknown}
 n - a scroll of immolation {unknown}
 o - a scroll of amnesia {unknown}
 p - a scroll of butterflies {unknown}
Potions
 d - a potion of might
 j - 2 potions of resistance {unknown}
 l - a potion of curing {unknown}
 m - a potion of cancellation {unknown}
 q - a potion of invisibility {unknown}
 r - a potion of mutation {unknown}


   Skills:
 + Level 4.2 Fighting
 * Level 3.9 Axes
 * Level 4.7 Armour
 + Level 4.3 Shields


You had 3 spell levels left.
You didn't know any spells.
Your spell library contained the following spells:

 Spells                   Type           Power      Damage    Failure   Level
 Sting                    Tmut/Pois      0%         1d3       87%         1
 Summon Small Mammal      Summ           0%         N/A       87%         1
 Poisonous Vapours        Pois/Air       0%         N/A       95%         2
 Static Discharge         Conj/Air       0%         2-2/arc   95%         2
 Ignite Poison            Fire/Tmut/Pois 0%         N/A       99%         3
 Summon Guardian Golem    Hex/Summ       0%         N/A       99%         3
 Vhi's Electric Charge    Tloc/Air       0%         N/A       99%         3
 Olgreb's Toxic Radiance  Pois           0%         N/A       100%        4
 Sticky Flame             Conj/Fire      0%         2d3       100%        4
 Arcjolt                  Conj/Air       0%         1d10      100%        5
 Iskenderun's Battlesphe  Conj           0%         2d6       100%        5
 Lightning Bolt           Conj/Air       0%         1d11      100%        5
 Iron Shot                Conj/Erth      0%         9d1       100%        6
 Orb of Destruction       Conj           0%         9d5       100%        7
 Spellforged Servitor     Conj/Summ      0%         N/A       100%        7
 Ignition                 Fire           0%         3d3       100%        8


Dungeon Overview and Level Annotations

Branches:
Dungeon (3/15)

Altars:


Innate Abilities, Weirdness & Mutations

You have a pair of horns on your head.
You reflexively headbutt those who attack you in melee.


Message History

No target in view!
No target in view!
No target in view!
No target in view!
Something hits you.
You hear some strange, mumbled words.
A puff of flame appears from out of thin air!
The puff of flame is repelled.
You see here a +0 falchion.
Something hits you. Something hits you but does no damage.
You see here a +0 pair of boots.
Something hits you but does no damage.
Items here: ))) [ †.
Something hits you.
You hear some strange, mumbled words.
A puff of flame appears from out of thin air!
The puff of flame hits you but does no damage.
Items here: ))) [ †.
Something hits you.
You see here a +0 pair of boots.
Something hits you but does no damage.
You hit something but do no damage. Your headbutt misses something.
Something hits you but does no damage.
You closely miss something.
An orc wizard appears from thin air!
Reactivating autopickup.
The orc wizard hits you but does no damage.
You hit the orc wizard but do no damage.
The orc wizard points at you and mumbles some strange words.
The magic dart hits you.
* * * LOW HITPOINT WARNING * * *
The orc wizard hits you but does no damage.
You barely miss the orc wizard.
The orc wizard hits you with a +0 dagger.
* * * LOW HITPOINT WARNING * * *
You slash the orc wizard!
The orc wizard is almost dead.
The orc wizard points at you and mumbles some strange words.
The puff of flame hits you!
You die...

...#. #.# .....
##..# .......#
...#
.......####...####
.................#
.......#...#......
.........[.......
........)[#
#####)#.o@#
########...†.##
.................
#######.....#####
#..<..##..#
#..###..##.# #.
........ #.
#.....###. ..
#......#


You could see an orc wizard.

Vanquished Creatures
  An orc priest (D:3)
  2 adders
  An adder skeleton (D:2)
  An orc (D:3)
  3 bats
  2 bat skeletons (D:2)
  4 endoplasms (D:1)
  2 giant cockroaches (D:1)
  4 goblins
  8 hobgoblins
  4 jackals (D:2)
  A quokka (D:2)
  5 ball pythons
  A ball python zombie (D:2)
  4 frilled lizards
  6 kobolds
  A quokka zombie (D:2)
  6 rats
56 creatures vanquished.

Vanquished Creatures (others)
  2 fungi (D:1)
  A withered plant (D:2)
3 creatures vanquished.

Grand Total: 59 creatures vanquished

Notes
Turn   | Place    | Note
-------+----------+-------------------------------------------
     0 | D:1      | Citaku the Minotaur Fighter began the quest for the Orb.
     0 | D:1      | Reached XP level 1. HP: 19/19 MP: 0/0
    60 | D:1      | Found a faded altar of an unknown god.
    65 | D:1      | Got Plato's Opusculum on the Throng
    81 | D:1      | Reached XP level 2. HP: 21/27 MP: 1/1
   708 | D:1      | Reached XP level 3. HP: 33/33 MP: 2/2
  1424 | D:3      | Reached XP level 4. HP: 40/40 MP: 3/3
  1453 | D:3      | Killed from afar by an orc wizard

Illustrated notes

Levels and vault maps discovered:
D:1:      kennysheep_arrival_seaside, layout_loops_corners,
          shapermc_ecumenical_altar_rom_forum
D:2:      layout_loops_ring, serial_undead, serial_undead_a, serial_undead_a,
          serial_undead_c, serial_undead_b
D:3:      layout_rooms, uniq_robin

Skill      XL: |  1  2  3 |
---------------+----------+-----
Armour         | 4 |  4.7
Axes           | 3 |  3.9
Shields        | 4 |  4.3
Fighting       | 4 |  4.2

Action                   |  1- 3 |  4- 6 || total
-------------------------+-------+-------++-------
Melee: War axe           |    97 |    13 ||   110
       Headbutt          |    12 |     1 ||    13
Armor: Scale mail        |    45 |    16 ||    61
Dodge: Dodged            |    59 |    11 ||    70
       Repelled          |       |     2 ||     2
Block: Buckler           |    28 |     2 ||    30

Table legend: (Time is in decaauts)
 A = Elapsed time spent in this place.
 B = Non-inter-level travel time spent in this place.
 C = Inter-level travel time spent in this place.
 D = Time resting spent in this place.
 E = Time spent auto-exploring this place.
 F = Levels seen in this place.
 G = Mean time per level.
                   A        B        C        D        E       F      G
               +--------+--------+--------+--------+--------+-----+--------+
         Total |   1493 |   1468 |     25 |      0 |   1140 |   3 |  497.7 |
       Dungeon |   1493 |   1468 |     25 |      0 |   1140 |   3 |  497.7 |
               +--------+--------+--------+--------+--------+-----+--------+

Top non-repeatable levels by time:
     D:1: 842 daAuts
     D:2: 613 daAuts
     D:3: 38 daAuts
